 Dungeon Crawl Stone Soup version 0.19.5 (webtiles) character file.

7259 galech the Cleaver (level 10, -2/92 HPs)
             Began as a Deep Dwarf Fighter on Mar 18, 2017.
             Was an Elder of Makhleb.
             Slain by a phantasmal warrior (27 damage)
             ... summoned by a vampire mage
             ... on level 9 of the Dungeon.
             The game lasted 00:25:29 (7883 turns).

galech the Cleaver (Deep Dwarf Fighter)             Turns: 7883, Time: 00:25:31

Health: -2/92      AC: 11    Str: 23    XL:     10   Next: 88%
Magic:  2/2        EV: 10    Int:  9    God:    Makhleb [****..]
Gold:   627        SH: 11    Dex: 17    Spells: 0 memorised, 9 levels left

rFire  . . .     SeeInvis .     a - +0 war axe
rCold  + . .     Gourm    .     p - +0 plate armour "Riudis" {rElec Slay+5}
rNeg   . . .     Faith    .     c - +0 shield
rPois  +         Spirit   .     (helmet restricted)
rElec  +         Reflect  .     D - +0 cloak {+Inv}
rCorr  .         Harm     .     (no gloves)
MR     ++...                    l - +0 pair of boots
Stlth  ..........               (no amulet)
                                w - ring of protection from cold
                                t - ring of poison resistance

@: agile, flayed, non-regenerating, slowed, heavily drained, very slow
A: damage resistance, recharge devices, antennae 1, fangs 1, iridescent scales
1, deformed body, low mp 1, magic resistance 1, sense surroundings 2, screaming
1, slow regeneration 3
a: Device Recharging, Minor Destruction, Lesser Servant of Makhleb, Major
Destruction, Renounce Religion, Evoke Invisibility


You were on level 9 of the Dungeon.
You worshipped Makhleb.
Makhleb was greatly pleased with you.
You were hungry.

You visited 1 branch of the dungeon, and saw 9 of its levels.
You also visited: Ossuary.

You collected 750 gold pieces.
You spent 123 gold pieces at shops.

Inventory:

Hand Weapons
 a - a +0 war axe (weapon)
Armour
 b - a +0 scale mail
 c - a +0 shield (worn)
 d - a +0 helmet
 l - a +0 pair of boots (worn)
 p - the +0 plate armour "Riudis" (worn) {rElec Slay+5}
   (You found it on level 4 of the Dungeon)

   It affects your accuracy and damage with ranged weapons and melee attacks
   (+5).
   It insulates you from electricity.
 s - a +0 cloak
 x - +0 ice dragon scales
 D - a +0 cloak of invisibility (worn)
Jewellery
 t - a ring of poison resistance (left hand)
 w - a ring of protection from cold (right hand)
 A - an uncursed ring of flight
 I - a +6 ring of intelligence
Wands
 e - a wand of heal wounds (2/9)
 J - a wand of flame (26/48)
Scrolls
 m - 2 scrolls of magic mapping
 r - 2 scrolls of enchant armour
 v - a scroll of remove curse
 B - 4 scrolls of identify
Potions
 h - 8 potions of curing
 k - 3 potions of degeneration
 u - 3 potions of resistance
 z - 2 potions of lignification
 E - a potion of flight
 G - 2 potions of ambrosia
 H - 2 potions of cure mutation
Comestibles
 f - 7 bread rations
 i - 5 chunks of flesh
 j - 2 meat rations
 o - 2 royal jellies
 q - 6 beef jerkies
 F - 7 slices of pizza


   Skills:
 + Level 6.4(4.0) Fighting
 + Level 12.5(9.7) Axes
 + Level 7.8(5.3) Armour
 + Level 2.6(0.5) Dodging
 + Level 8.8(6.2) Shields
 + Level 2.1(0.0) Evocations


You had 9 spell levels left.
You didn't know any spells.

Dungeon Overview and Level Annotations

Branches:
Dungeon (9/15)             Temple (0/1) D:5            Lair (0/6) D:8
    Orc: D:9-12

Altars:
Cheibriados
Elyvilon
Fedhas
Hepliaklqana
Makhleb
Nemelex Xobeh
Qazlal
Trog
Uskayaw
Vehumet
Xom
Zin

Shops:
D:5 [%   D:7 (   D:8 (%?


Innate Abilities, Weirdness & Mutations

You are resistant to damage.
You can recharge devices by infusing magical energy.
You passively map the area around you.
You do not regenerate.
You have a pair of small antennae on your head.
You have very sharp teeth.
You are partially covered in iridescent scales. (AC +2)
Armour fits poorly on your strangely shaped body.
Your magical capacity is low. (-10% MP)
You are resistant to hostile enchantments. (MR+)
You occasionally shout uncontrollably at your foes.


Message History

Zapping:
e - a wand of heal wounds (3/9)
Press: ? - help, Shift-Dir - straight line, f - you You feel much better.
This wand has 2 charges left.
You block the vampire mage's attack.
The vampire mage bites you but does no damage.
The flayed ghost stares at you with tortured malice.
Terrible wounds spread across more of your body!
You block the vampire mage's attack. x2
The mummy disappears in a puff of smoke!
The vampire mage gestures wildly while chanting.
The phantasmal warrior blinks!
The phantasmal warrior blinks!
The vampire mage mumbles some strange words.
The phantasmal warrior hits you but does no damage.
The vampire mage's inner flame fades away.
The phantasmal warrior hits you!!
* * * LOW HITPOINT WARNING * * *
The flayed ghost cries, "Suffer as I suffered!"
The phantasmal warrior hits you!!
You die...

#....# #...# #.# #.#
####.# #...# #.# #.#
#.# #...# #.# #.# #.#
#...# #.# #.# #W# #...#
#.# #.# #W# #...# #.#
#.# #.# #...#####.# #.#
#V###.W.......#####.###
#nW..W@..........>.....
#######################


You could see a flayed ghost, a vampire mage, 2 phantasmal warriors and a
necrophage.

Vanquished Creatures
  Pikel (D:5)
  Maurice (D:8)
  2 rust devils
  A komodo dragon (D:8)
  A troll (D:9)
  A hippogriff (D:7)
  Sigmund (D:5)
  A wyvern (D:9)
  4 hogs (D:7)
  A human (D:7)
  A hungry ghost (D:7)
  An ice beast (D:9)
  5 orc warriors
  3 phantoms
  3 sky beasts
  An ogre (D:9)
  3 centaurs
  A crocodile (D:8)
  A big kobold (D:7)
  5 bullfrogs
  A water moccasin zombie (D:8)
  10 scorpions
  3 wights (D:6)
  4 crimson imps
  2 centaur zombies (Ossuary)
  A bullfrog zombie (D:8)
  4 jellies
  An orc priest (D:8)
  2 bullfrog skeletons (D:9)
  4 human zombies (Ossuary)
  8 orc wizards
  2 centaur skeletons
  An iguana (D:6)
  5 worker ants
  2 big kobold zombies (Ossuary)
  A hound zombie (D:7)
  3 mummies (Ossuary)
  12 adders
  7 gnolls
  5 scorpion zombies (Ossuary)
  2 shadow imps
  An ooze (D:2)
  An adder skeleton (D:7)
  A worm (D:2)
  4 dart slugs
  6 leopard geckos
  26 orcs
  3 giant cockroaches
  A gnoll zombie (Ossuary)
  5 hobgoblins
  4 jackals
  14 kobolds
  3 quokkas
  A ball python (D:3)
  10 bats
  2 frilled lizards
  8 goblins
  3 goblin zombies (Ossuary)
  A hobgoblin zombie (Ossuary)
  A kobold zombie (Ossuary)
  A leopard gecko skeleton (D:4)
  An orc zombie (Ossuary)
  A quokka zombie (D:9)
  14 rats
230 creatures vanquished.

Vanquished Creatures (others)
  A scorpion (Ossuary)
  An orc priest (D:5)
  A leopard gecko (D:5)
  An orc (D:5)
4 creatures vanquished.

Grand Total: 234 creatures vanquished

Notes
Turn   | Place    | Note
-------+----------+-------------------------------------------
     0 | D:1      | galech the Deep Dwarf Fighter began the quest for the Orb.
     0 | D:1      | Reached XP level 1. HP: 20/20 MP: 1/1
   129 | D:1      | Reached XP level 2. HP: 25/27 MP: 2/2
   753 | D:2      | Reached XP level 3. HP: 14/34 MP: 3/3
  1254 | D:2      | Reached XP level 4. HP: 37/42 MP: 4/4
  1257 | D:2      | Reached skill level 3 in Axes
  1272 | D:2      | Reached skill level 1 in Dodging
  1701 | D:3      | Found a white marble altar of Elyvilon.
  1703 | D:3      | Found a hazy altar of Hepliaklqana.
  1706 | D:3      | Found a blossoming altar of Fedhas.
  1722 | D:3      | Found a radiant altar of Vehumet.
  1722 | D:3      | Found a sparkling altar of Nemelex Xobeh.
  1727 | D:3      | Found a bloodstained altar of Trog.
  1727 | D:3      | Found a stormy altar of Qazlal.
  1728 | D:3      | Found a burning altar of Makhleb.
  1736 | D:3      | Became a worshipper of Makhleb the Destroyer
  1808 | D:3      | Found a hide-covered altar of Uskayaw.
  1907 | D:3      | Found a faded altar of an unknown god.
  1947 | D:3      | Reached XP level 5. HP: 21/49 MP: 5/5
  2238 | D:4      | Noticed a phantom
  2280 | D:4      | Killed a phantom
  2280 | D:4      | Reached skill level 4 in Axes
  2328 | D:4      | Got a spiked plate armour
  2339 | D:4      | Identified the cursed +0 plate armour "Riudis" {rElec Slay+5} (You found it on level 4 of the Dungeon)
  2574 | D:4      | Reached XP level 6. HP: 35/56 MP: 4/4
  2622 | D:4      | Reached * piety under Makhleb
  2715 | D:5      | Entered Level 5 of the Dungeon
  2717 | D:5      | Noticed Sigmund
  2724 | D:5      | Killed Sigmund
  2724 | D:5      | Reached skill level 5 in Axes
  2755 | D:5      | Reached skill level 5 in Shields
  2775 | D:5      | Reached XP level 7. HP: 39/62 MP: 5/5
  2792 | D:5      | Found a staircase to the Ecumenical Temple.
  2850 | D:5      | Found Ofuy's Armour Shop.
  2867 | D:5      | Gained mutation: Your magical capacity is low. (-10% MP) [mutagenic meat]
  2867 | D:5      | Found Huqixor's Food Boutique.
  2922 | D:5      | Noticed Pikel
  2934 | D:5      | Killed Pikel
  2934 | D:5      | Reached skill level 7 in Axes
  2934 | D:5      | Reached skill level 5 in Armour
  2934 | D:5      | Reached XP level 8. HP: 58/72 MP: 5/5
  3237 | D:6      | Reached skill level 8 in Axes
  3514 | D:6      | Reached skill level 1 in Evocations
  3518 | D:6      | Gained mutation: You occasionally shout uncontrollably at your foes. [mutagenic meat]
  3519 | D:6      | Gained mutation: You are weak. (Str -2) [mutagenic meat]
  3520 | D:6      | Gained mutation: You have very sharp teeth. [mutagenic meat]
  3521 | D:6      | Gained mutation: You have a pair of small antennae on your head. [mutagenic meat]
  3522 | D:6      | Lost mutation: You are weak. (Str -2) [mutagenic meat]
  3757 | D:7      | Found a sand-covered staircase.
  3766 | Ossuary  | Entered an ossuary
  3782 | Ossuary  | Reached skill level 9 in Axes
  3822 | Ossuary  | Gained mutation: You passively map the area around you. [Deep Dwarf growth]
  3822 | Ossuary  | Reached XP level 9. HP: 79/79 MP: 5/5
  3858 | Ossuary  | Reached ** piety under Makhleb
  3976 | Ossuary  | Reached skill level 5 in Fighting
  4037 | Ossuary  | Reached skill level 10 in Axes
  4446 | D:6      | Noticed a rust devil
  4446 | D:6      | Noticed a rust devil
  5476 | D:7      | Found Madgh's Antique Weapon Emporium.
  5535 | D:8      | Reached *** piety under Makhleb
  5573 | D:8      | Noticed a komodo dragon
  5583 | D:8      | Noticed Maurice
  5622 | D:8      | Killed a komodo dragon
  5622 | D:8      | Reached XP level 10. HP: 67/91 MP: 5/5
  5637 | D:8      | Killed Maurice
  5637 | D:8      | Reached skill level 11 in Axes
  5645 | D:8      | Killed a rust devil
  5686 | D:8      | Found a staircase to the Lair.
  5690 | D:8      | Found a shimmering altar of Xom.
  5691 | D:8      | Noticed an angel
  5694 | D:8      | Found a glowing silver altar of Zin.
  5982 | D:8      | Found Loekkiad's Antique Weapon Shoppe.
  6027 | D:8      | Found Guposcho's Food Shop.
  6066 | D:8      | Found a snail-covered altar of Cheibriados.
  6622 | D:8      | Found Atoosilu's Magic Scroll Boutique.
  6633 | D:8      | Bought a scroll of magic mapping for 45 gold pieces
  6633 | D:8      | Bought a scroll of identify for 26 gold pieces
  6633 | D:8      | Bought a scroll of identify for 26 gold pieces
  6633 | D:8      | Bought a scroll of identify for 26 gold pieces
  6892 | D:7      | Killed a rust devil
  7021 | D:7      | Reached skill level 12 in Axes
  7274 | D:9      | Gained mutation: You are resistant to hostile enchantments. (MR+) [mutagenic meat]
  7276 | D:9      | Gained mutation: You are partially covered in iridescent scales. (AC +2) [mutagenic meat]
  7277 | D:9      | Gained mutation: Armour fits poorly on your strangely shaped body. [mutagenic meat]
  7384 | D:9      | Reached **** piety under Makhleb
  7407 | D:9      | Found a radiant altar of Vehumet.
  7789 | D:9      | Noticed a vampire mage
  7804 | D:9      | Noticed a phantasmal warrior
  7811 | D:9      | Noticed a phantasmal warrior
  7812 | D:9      | Noticed a flayed ghost
  7815 | D:9      | Noticed a jiangshi
  7834 | D:9      | Noticed a jiangshi
  7849 | D:9      | Noticed a flayed ghost
  7858 | D:9      | Noticed a flayed ghost
  7880 | D:9      | Noticed a phantasmal warrior
  7880 | D:9      | Noticed a phantasmal warrior
  7882 | D:9      | Noticed a flayed ghost
  7883 | D:9      | Slain by a phantasmal warrior

Skill      XL: |  1  2  3  4  5  6  7  8  9 10 |
---------------+-------------------------------+-----
Fighting       | 3 4 5 6 |  6.4
Shields        | 4 5 6 7 8 |  8.8
Axes           | 3 4 5 7 9 10 12 | 12.5
Dodging        | 1 2 |  2.6
Armour         | 4 5 7 |  7.8
Evocations     | 1 2 |  2.1

Action                   |  1- 3 |  4- 6 |  7- 9 | 10-12 || total
-------------------------+-------+-------+-------+-------++-------
Melee: War axe           |   133 |   186 |   422 |   217 ||   958
       Bite              |       |       |    59 |    37 ||    96
 Abil: Device Recharging |       |     2 |     3 |     3 ||     8
Evoke: Wand              |     2 |     1 |    20 |    23 ||    46
  Use: Scroll            |       |     3 |    15 |     8 ||    26
       Potion            |       |     1 |     4 |     3 ||     8
  Eat: Chunk             |     1 |     6 |    12 |     7 ||    26
       Bread ration      |       |       |     1 |     1 ||     2
       Pizza             |       |       |     1 |       ||     1
Armor: Scale mail        |    53 |    80 |       |       ||   133
       Plate armour      |       |    14 |   177 |   200 ||   391
Dodge: Dodged            |    38 |    64 |    71 |    50 ||   223
Block: Shield            |    83 |    82 |   238 |   152 ||   555
